CHICAGO vs MINNESOTA

Created - April 12, 2021 at 15:33

Goals
1 2 3 T
CHICAGO 3 0 3 6
MINNESOTA 0 1 3 4
Shots
1 2 3 T
CHICAGO 19 3 10 32
MINNESOTA 5 12 22 39

1st period

1. CHICAGO , Mason Appleton 1 (Gustav Nyquist 15, Nick Leddy 23) at 3:03
2. CHICAGO , Sven Baertschi 6 (Erik Haula 16, Brandon Sutter 13) at 12:15
3. CHICAGO , Frans Nielsen 10 (Mark Pysyk 10, Travis Dermott 15) at 13:14

Penalties :
Torey Krug (MIN) for High sticking (Minor) at 6:56, Torey Krug (MIN) for Tripping (Minor) at 9:48, Brett Kulak (MIN) for Hooking (Minor) at 15:01

2nd period

4. MINNESOTA , Nikita Kucherov 27 (Tanner Pearson 11, Torey Krug 28) at 18:59 (PP)

Penalties :
Erik Haula (CHI) for Slashing (Minor) at 7:55, Nikita Kucherov (MIN) for Holding (Minor) at 15:23, Travis Dermott (CHI) for Hooking (Minor) at 15:23, Mark Pysyk (CHI) for Slashing (Minor) at 18:41, Oliver Ekman-Larsson (MIN) for Cross-checking (Minor) at 19:13

3rd period

5. CHICAGO , Travis Dermott 7 (Gustav Nyquist 16, Cody Eakin 15) at 4:33
6. MINNESOTA , Torey Krug 9 (Tomas Hertl 27, Mats Zuccarello 13) at 7:32
7. CHICAGO , Erik Haula 15 (Sven Baertschi 12, Brandon Sutter 14) at 7:54
8. MINNESOTA , Johan Larsson 3 (Matt Calvert 2) at 10:12 (SH)
9. MINNESOTA , Niklas Hjalmarsson 6 (Matt Calvert 3, Johan Larsson 7) at 12:05
10. CHICAGO , Sven Baertschi 7 (Erik Haula 17, Tyler Lewington 3) at 14:15

Penalties :
Nikita Kucherov (MIN) for Interference (Minor) at 8:18, Tyson Barrie (CHI) for Interference (Minor) at 17:26, Tyler Lewington (CHI) for Hooking (Minor) at 17:55

Goalie Stats

Mike Smith (CHI), 35 saves from 39 shots - (0.897), W, 5-5-2, 60:00 minutes
Gilles Senn (MIN), 26 saves from 32 shots - (0.813), L, 4-5-1, 60:00 minutes

Players Stats for CHICAGO

Player Name              G  A  P  +/- PIM S  H  SB GA TA FO     MP     PP MP  PK MP  
------------------------------------------------------------------------------------
Brandon Sutter           0  2  2   3  0   0  2  0  0  0  7/17   14:04   0:00   0:53 
Brendan Perlini          0  0  0   0  0   0  1  0  0  0  1/1     5:22   0:20   0:06 
Brett Murray             0  0  0   0  0   0  0  0  0  0  0/1     1:19   0:34   0:00 
Cody Eakin               0  1  1  -1  0   5  2  0  0  0  3/3    17:04   5:06   0:37 
Connor Bunnaman          0  0  0   0  0   0  0  0  0  0  0/0     1:05   0:20   0:00 
Erik Haula               1  2  3   3  2   2  1  0  0  0  1/1    13:10   0:00   0:00 
Frans Nielsen            1  0  1   1  0   1  0  0  0  0  12/23  20:19   4:29   0:37 
Gustav Nyquist           0  2  2  -1  0   6  1  0  0  0  1/10   23:47   4:52   2:44 
Haydn Fleury             0  0  0   3  0   1  0  2  0  0  0/0    14:21   0:20   0:00 
Mark Pysyk               0  1  1   2  2   3  0  1  0  0  0/0    20:21   4:17   1:52 
Mason Appleton           1  0  1   0  0   1  0  0  0  0  1/7     4:56   0:00   0:00 
Mikkel Boedker           0  0  0   1  0   1  0  0  0  0  1/3    19:02   4:29   0:00 
Milan Lucic              0  0  0   1  0   1  4  1  0  0  0/0    19:02   4:29   0:00 
Nick Leddy               0  1  1  -2  0   4  3  1  0  0  0/0    25:29   5:18   2:31 
Nikita Nesterov          0  0  0   1  0   0  1  0  0  0  0/0     3:40   0:00   0:43 
Sven Baertschi           2  1  3   3  0   2  0  0  0  0  0/0    13:11   0:00   0:00 
Travis Dermott           1  1  2   2  2   1  1  1  0  0  0/0    19:47   4:17   1:52 
Tyler Bozak              0  0  0  -1  0   1  1  1  0  0  17/29  19:24   5:06   3:03 
Tyler Lewington          0  1  1   3  2   0  0  1  0  0  0/0    14:35   0:20   0:48 
Tyson Barrie             0  0  0  -3  2   3  0  4  0  0  0/0    21:43   5:18   1:43 

Players Stats for MINNESOTA

Player Name              G  A  P  +/- PIM S  H  SB GA TA FO     MP     PP MP  PK MP  
------------------------------------------------------------------------------------
Brett Kulak              0  0  0  -2  2   0  1  2  0  0  0/0    15:32   0:00   3:52 
Colin White              0  0  0  -1  0   1  0  0  0  0  5/11    9:08   0:00   0:00 
Dominik Kahun            0  0  0  -1  0   1  0  0  0  0  1/1     9:42   0:28   0:06 
Erik Karlsson            0  0  0   0  0   1  2  1  0  0  0/0    24:55   2:01   5:22 
Johan Larsson            1  1  2   1  0   1  1  0  0  0  11/24  11:38   0:00   6:41 
John Tavares             0  0  0  -3  0   4  2  0  0  0  16/26  18:04   2:26   0:00 
Kyle Connor              0  0  0  -3  0   8  0  0  0  0  0/0    17:08   2:26   0:00 
Mark Giordano            0  0  0   0  0   3  2  1  0  0  0/0    26:41   2:01   5:21 
Mats Zuccarello          0  1  1   0  0   2  0  0  0  0  0/1    20:04   2:22   3:08 
Matt Calvert             0  2  2   1  0   3  0  0  0  0  1/2    11:38   0:00   6:41 
Nikita Kucherov          1  0  1  -3  4   3  4  0  0  0  1/4    17:24   2:44   0:00 
Niklas Hjalmarsson       1  0  1  -1  0   1  0  2  0  0  0/0    18:22   0:00   5:14 
Oliver Ekman-Larsson     0  0  0  -1  2   0  0  0  0  0  0/0    14:20   0:00   0:01 
Tanner Pearson           0  1  1  -1  0   2  2  0  0  0  0/0    10:59   1:51   0:00 
Tomas Hertl              0  1  1   0  0   2  1  0  0  0  16/25  21:04   2:19   3:08 
Torey Krug               1  1  2  -2  4   4  0  0  0  0  0/0    17:22   2:44   0:00 
William Carrier          0  0  0   0  0   1  1  0  0  0  0/0     6:03   0:04   0:06 
Zach Hyman               0  0  0   0  0   2  1  0  0  0  0/1    17:56   2:19   0:00 

3 Stars

1 - Sven Baertschi (CHI)
2 - Erik Haula (CHI)
3 - Brandon Sutter (CHI)

Power Play

CHICAGO - 0 on 5 Attempt(s) - 0.00%
MINNESOTA - 1 on 4 Attempt(s) - 25.00%

Penalty Kill

CHICAGO - 3 on 4 Attempt(s) - 75.00% - Score 0 goal in Penalty Kill
MINNESOTA - 5 on 5 Attempt(s) - 100.00% - Score 1 goal in Penalty Kill

Team Stat

CHICAGO - Hits : 17 - Faceoff Wins : 44 - Blocked Shots : 12 - Penalty Minutes : 10
MINNESOTA - Hits : 17 - Faceoff Wins : 51 - Blocked Shots : 6 - Penalty Minutes : 12

Official

Referees : Brandon Blandina and Aaron Brown
Linesman : Scott Cherrey and Matt MacPherson

Game Notes

No Game Note

Finance

Level 1 -- Attendance: 4590 (76.50%) -- Ticket Income $459,000
Level 2 -- Attendance: 3644 (72.88%) -- Ticket Income $218,640
Level 3 -- Attendance: 1992 (99.60%) -- Ticket Income $69,720
Level 4 -- Attendance: 3792 (94.80%) -- Ticket Income $75,840
Luxury Box -- Attendance: 697 (69.70%) -- Ticket Income $139,400
Game was played at the Xcel Energy Center.
Total Attendance: 14715 (81.75%)
Total Ticket Income: $962,600
Total Income: $962,600

CHICAGO

5 vs 5 Forward 
   Center                   Left Wing                Right Wing               Time % Phy DF OF 
 1 Tyler Bozak              Cody Eakin               Gustav Nyquist           35     1   2  2  
 2 Frans Nielsen            Mikkel Boedker           Milan Lucic              30     1   2  2  
 3 Brandon Sutter           Erik Haula               Sven Baertschi           25     1   2  2  
 4 Mason Appleton           Brendan Perlini          Gustav Nyquist           10     1   2  2  

5 vs 5 Defense 
   Defense                  Defense                                           Time % Phy DF OF 
 1 Nick Leddy               Tyson Barrie                                      35     1   2  2  
 2 Mark Pysyk               Travis Dermott                                    30     1   2  2  
 3 Haydn Fleury             Tyler Lewington                                   25     1   2  2  
 4 Nikita Nesterov          Nick Leddy                                        10     1   2  2  

PowerPlay Forward 
   Center                   Left Wing                Right Wing               Time % Phy DF OF 
 1 Tyler Bozak              Cody Eakin               Gustav Nyquist           60     1   2  2  
 2 Frans Nielsen            Mikkel Boedker           Milan Lucic              40     1   2  2  

PowerPlay Defense
   Defense                  Defense                                           Time % Phy DF OF 
 1 Nick Leddy               Tyson Barrie                                      60     1   2  2  
 2 Mark Pysyk               Travis Dermott                                    40     1   2  2  

Penalty Kill 4 Players Forward 
   Center                   Wing                     Time % Phy DF OF 
 1 Gustav Nyquist           Tyler Bozak              60     1   2  2  
 2 Cody Eakin               Frans Nielsen            40     1   2  2  

Penalty Kill 4 Players Defense
   Defense                  Defense                  Time % Phy DF OF 
 1 Nick Leddy               Tyson Barrie             60     1   2  2  
 2 Mark Pysyk               Travis Dermott           40     1   2  2  

Penalty Kill - 3 Players Forward 
   Forward                                           Time % Phy DF OF 
 1 Gustav Nyquist                                    60     1   2  2  
 2 Tyler Bozak                                       40     1   2  2  

Penalty Kill - 3 Players Defense
   Defense                  Defense                  Time % Phy DF OF 
 1 Nick Leddy               Tyson Barrie             60     1   2  2  
 2 Mark Pysyk               Travis Dermott           40     1   2  2  

4 vs 4 Forward 
   Center                   Wing                     Time % Phy DF OF 
 1 Gustav Nyquist           Tyler Bozak              60     1   2  2  
 2 Cody Eakin               Frans Nielsen            40     1   2  2  

4 vs 4 Defense
   Defense                  Defense                  Time % Phy DF OF 
 1 Nick Leddy               Tyson Barrie             60     1   2  2  
 2 Mark Pysyk               Travis Dermott           40     1   2  2  

Last Minutes Offensive
   Center                   Left Wing                Right Wing               Defense                  Defense                  
   Tyler Bozak              Cody Eakin               Gustav Nyquist           Nick Leddy               Tyson Barrie             

Last Minutes Defensive
   Center                   Left Wing                Right Wing               Defense                  Defense                  
   Tyler Bozak              Cody Eakin               Gustav Nyquist           Nick Leddy               Tyson Barrie             

Goaltenders
Starting : Mike Smith               
Backup : James Reimer             

Extra Forwards
Normal : Brett Murray, Connor Bunnaman, Brandon Sutter - PP : Brett Murray, Connor Bunnaman - PK : Brandon Sutter
Extra Defensemen
Normal : Haydn Fleury, Tyler Lewington, Nikita Nesterov - PP : Haydn Fleury - PK : Tyler Lewington, Nikita Nesterov
Penalty Shots
Gustav Nyquist, Tyler Bozak, Cody Eakin, Frans Nielsen, Milan Lucic

Scratches
CHI Cap Hit (Suspend), Michael Del Zotto (Healthy), Cory Schneider (Healthy)

MINNESOTA

5 vs 5 Forward 
   Center                   Left Wing                Right Wing               Time % Phy DF OF 
 1 John Tavares             Kyle Connor              Nikita Kucherov          37     0   2  3  
 2 Tomas Hertl              Mats Zuccarello          Zach Hyman               33     1   2  2  
 3 Colin White              Tanner Pearson           Dominik Kahun            20     1   2  2  
 4 Johan Larsson            William Carrier          Matt Calvert             10     2   2  1  

5 vs 5 Defense 
   Defense                  Defense                                           Time % Phy DF OF 
 1 Mark Giordano            Erik Karlsson                                     38     1   2  2  
 2 Oliver Ekman-Larsson     Niklas Hjalmarsson                                27     1   2  2  
 3 Brett Kulak              Torey Krug                                        25     1   2  2  
 4 Torey Krug               Mark Giordano                                     10     0   2  3  

PowerPlay Forward 
   Center                   Left Wing                Right Wing               Time % Phy DF OF 
 1 John Tavares             Mats Zuccarello          Kyle Connor              60     0   0  5  
 2 Tomas Hertl              Zach Hyman               Tanner Pearson           40     1   0  4  

PowerPlay Defense
   Defense                  Defense                                           Time % Phy DF OF 
 1 Torey Krug               Nikita Kucherov                                   60     0   1  4  
 2 Erik Karlsson            Mark Giordano                                     40     1   1  3  

Penalty Kill 4 Players Forward 
   Center                   Wing                     Time % Phy DF OF 
 1 Johan Larsson            Matt Calvert             60     1   4  0  
 2 Tomas Hertl              Mats Zuccarello          40     1   3  1  

Penalty Kill 4 Players Defense
   Defense                  Defense                  Time % Phy DF OF 
 1 Mark Giordano            Erik Karlsson            60     1   3  1  
 2 Niklas Hjalmarsson       Brett Kulak              40     1   4  0  

Penalty Kill - 3 Players Forward 
   Forward                                           Time % Phy DF OF 
 1 Johan Larsson                                     60     1   4  0  
 2 Matt Calvert                                      40     1   4  0  

Penalty Kill - 3 Players Defense
   Defense                  Defense                  Time % Phy DF OF 
 1 Mark Giordano            Niklas Hjalmarsson       60     1   4  0  
 2 Oliver Ekman-Larsson     Mats Zuccarello          40     1   4  0  

4 vs 4 Forward 
   Center                   Wing                     Time % Phy DF OF 
 1 John Tavares             Nikita Kucherov          60     1   2  2  
 2 Tomas Hertl              Kyle Connor              40     1   1  3  

4 vs 4 Defense
   Defense                  Defense                  Time % Phy DF OF 
 1 Mark Giordano            Torey Krug               60     1   2  2  
 2 Oliver Ekman-Larsson     Erik Karlsson            40     1   2  2  

Last Minutes Offensive
   Center                   Left Wing                Right Wing               Defense                  Defense                  
   Tomas Hertl              Kyle Connor              Nikita Kucherov          Torey Krug               Erik Karlsson            

Last Minutes Defensive
   Center                   Left Wing                Right Wing               Defense                  Defense                  
   Tomas Hertl              Tanner Pearson           Matt Calvert             Mark Giordano            Niklas Hjalmarsson       

Goaltenders
Starting : Gilles Senn              
Backup : Andrei Vasilevskiy       

Extra Forwards
Normal : Tomas Hertl, Zach Hyman, Nikita Kucherov - PP : Zach Hyman, Nikita Kucherov - PK : Tomas Hertl
Extra Defensemen
Normal : Oliver Ekman-Larsson, Erik Karlsson, Mark Giordano - PP : Torey Krug - PK : Niklas Hjalmarsson, Mark Giordano
Penalty Shots
Nikita Kucherov, Mats Zuccarello, Kyle Connor, Tomas Hertl, Tanner Pearson

Scratches
MIN Cap Hit (Healthy)

% Time on Ice - CHICAGO

Lines # - Real PCT - Wanted PCT - Time Play
Normal Forward
1 - 25% - 35% - 10:41
2 - 34% - 30% - 14:33
3 - 30% - 25% - 13:11
4 - 11% - 10% - 4:56
Normal Defense
1 - 31% - 35% - 13:18
2 - 31% - 30% - 13:39
3 - 31% - 25% - 13:27
4 - 7% - 10% - 2:57
PP Forward
1 - 55% - 60% - 5:26
2 - 45% - 40% - 4:29
PP Defense
1 - 57% - 60% - 5:38
2 - 43% - 40% - 4:17
PK Forward
1 - 81% - 60% - 2:38
2 - 19% - 40% - 0:37
PK Defense
1 - 68% - 60% - 2:12
2 - 32% - 40% - 1:03
PK3 Forward
1 - 66% - 60% - 0:59
2 - 34% - 40% - 0:31
PK3 Defense
1 - 46% - 60% - 0:41
2 - 54% - 40% - 0:49
44 Forward
1 - 66% - 60% - 1:19
2 - 34% - 40% - 0:40
44 Defense
1 - 71% - 60% - 1:25
2 - 29% - 40% - 0:34
Last Minute Offensive  - 0:00
Last Minute Defensive  - 0:00
Total
Forward - 60:00
Defense - 60:00

% Time on Ice - MINNESOTA

Lines # - Real PCT - Wanted PCT - Time Play
Normal Forward
1 - 34% - 37% - 14:42
2 - 34% - 33% - 14:34
3 - 21% - 20% - 9:08
4 - 11% - 10% - 4:57
Normal Defense
1 - 38% - 38% - 16:20
2 - 31% - 27% - 13:17
3 - 27% - 25% - 11:41
4 - 5% - 10% - 2:03
PP Forward
1 - 51% - 60% - 2:26
2 - 49% - 40% - 2:19
PP Defense
1 - 58% - 60% - 2:44
2 - 42% - 40% - 2:01
PK Forward
1 - 68% - 60% - 6:47
2 - 32% - 40% - 3:08
PK Defense
1 - 47% - 60% - 4:41
2 - 53% - 40% - 5:14
PK3 Forward
1 - 0% - 60%
2 - 0% - 40%
PK3 Defense
1 - 0% - 60%
2 - 0% - 40%
44 Forward
1 - 100% - 60% - 1:59
2 - 0% - 40% - 0:00
44 Defense
1 - 47% - 60% - 0:56
2 - 53% - 40% - 1:03
Last Minute Offensive  - 0:00
Last Minute Defensive  - 0:00
Total
Forward - 60:00
Defense - 60:00

Play-by-Play

1st period


0:01 of 1st period - John Tavares wins face-off versus Tyler Bozak in neutral zone.
0:23 of 1st period - Cody Eakin is hit by John Tavares and loses puck.
0:40 of 1st period - Shot by Nikita Kucherov.
0:40 of 1st period - Shot Misses the Net.
0:42 of 1st period - Shot by Mark Giordano.
0:42 of 1st period - Stopped by Mike Smith without a rebound.
0:43 of 1st period - Tomas Hertl wins face-off versus Frans Nielsen in CHICAGO zone.
0:46 of 1st period - Shot by Zach Hyman.
0:46 of 1st period - Shot Misses the Net.
0:54 of 1st period - Icing by Tomas Hertl.
0:55 of 1st period - Tomas Hertl wins face-off versus Brandon Sutter in MINNESOTA zone.
1:05 of 1st period - Zach Hyman is hit by Erik Haula and loses puck.
1:25 of 1st period - Shot by Erik Haula.
1:25 of 1st period - Stopped by Gilles Senn with a rebound.
3:01 of 1st period - Shot by Gustav Nyquist.
3:01 of 1st period - Shot Blocked by Erik Karlsson.
3:03 of 1st period - Shot by Mason Appleton.
3:03 of 1st period - Goal by Mason Appleton - CHICAGO : 1 - MINNESOTA : 0.
3:04 of 1st period - Brandon Sutter wins face-off versus John Tavares in neutral zone.
3:04 of 1st period - Brandon Sutter is hit by John Tavares.
3:31 of 1st period - Icing by Sven Baertschi.
3:32 of 1st period - Erik Haula wins face-off versus Tomas Hertl in CHICAGO zone.
3:32 of 1st period - Erik Haula is hit by Tomas Hertl.
3:35 of 1st period - Icing by Brandon Sutter.
3:36 of 1st period - Brandon Sutter wins face-off versus Mats Zuccarello in CHICAGO zone.
3:36 of 1st period - Brandon Sutter is hit by Zach Hyman.
4:08 of 1st period - Tomas Hertl is hit by Brandon Sutter.
4:33 of 1st period - Icing by Mark Giordano.
4:34 of 1st period - Tomas Hertl wins face-off versus Frans Nielsen in MINNESOTA zone.
5:08 of 1st period - Shot by Tyson Barrie.
5:08 of 1st period - Deflect By Mikkel Boedker.
5:08 of 1st period - Stopped by Gilles Senn with a rebound.
5:10 of 1st period - Shot by Nick Leddy.
5:10 of 1st period - Stopped by Gilles Senn without a rebound.
5:11 of 1st period - Tyler Bozak wins face-off versus Colin White in MINNESOTA zone.
5:14 of 1st period - Shot by Gustav Nyquist.
5:14 of 1st period - Stopped by Gilles Senn without a rebound.
5:15 of 1st period - Tyler Bozak wins face-off versus Colin White in MINNESOTA zone.
5:37 of 1st period - Icing by Erik Karlsson.
5:38 of 1st period - Colin White wins face-off versus Brandon Sutter in MINNESOTA zone.
5:43 of 1st period - Tyson Barrie is hit by Tanner Pearson and loses puck.
5:50 of 1st period - Shot by Colin White.
5:50 of 1st period - Shot Misses the Net.
5:52 of 1st period - Shot by Colin White.
5:52 of 1st period - Stopped by Mike Smith without a rebound.
5:53 of 1st period - Tyler Bozak wins face-off versus John Tavares in CHICAGO zone.
5:55 of 1st period - Icing by Travis Dermott.
5:56 of 1st period - Tyler Bozak wins face-off versus John Tavares in CHICAGO zone.
6:07 of 1st period - Shot by Gustav Nyquist.
6:07 of 1st period - Shot Misses the Net.
6:09 of 1st period - Shot by Gustav Nyquist.
6:09 of 1st period - Deflect By Cody Eakin.
6:09 of 1st period - Stopped by Gilles Senn without a rebound.
6:10 of 1st period - Johan Larsson wins face-off versus Frans Nielsen in MINNESOTA zone.
6:29 of 1st period - Shot by William Carrier.
6:29 of 1st period - Stopped by Mike Smith without a rebound.
6:30 of 1st period - Cody Eakin wins face-off versus Nikita Kucherov in CHICAGO zone.
6:30 of 1st period - Cody Eakin is hit by Nikita Kucherov.
6:56 of 1st period - Shot by Tyler Bozak.
6:56 of 1st period - Deflect By Gustav Nyquist.
6:56 of 1st period - Stopped by Gilles Senn without a rebound.
6:56 of 1st period - Minor Penalty to Torey Krug for High sticking.
6:57 of 1st period - Frans Nielsen wins face-off versus Johan Larsson in MINNESOTA zone.
6:58 of 1st period - Shot by Tyson Barrie.
6:58 of 1st period - Stopped by Gilles Senn without a rebound.
6:59 of 1st period - Frans Nielsen wins face-off versus Johan Larsson in MINNESOTA zone.
7:00 of 1st period - Shot by Nick Leddy.
7:00 of 1st period - Shot Misses the Net.
7:02 of 1st period - Shot by Nick Leddy.
7:02 of 1st period - Stopped by Gilles Senn without a rebound.
7:03 of 1st period - Johan Larsson wins face-off versus Tyler Bozak in MINNESOTA zone.
7:14 of 1st period - Shot by Matt Calvert.
7:14 of 1st period - Stopped by Mike Smith without a rebound.
7:15 of 1st period - Frans Nielsen wins face-off versus Johan Larsson in CHICAGO zone.
7:22 of 1st period - Johan Larsson is hit by Milan Lucic and loses puck.
7:46 of 1st period - Shot by Tyson Barrie.
7:46 of 1st period - Stopped by Gilles Senn with a rebound.
8:08 of 1st period - Shot by Mark Pysyk.
8:08 of 1st period - Stopped by Gilles Senn with a rebound.
8:36 of 1st period - Shot by Tyler Bozak.
8:36 of 1st period - Shot Blocked by Brett Kulak.
9:23 of 1st period - Icing by Mark Giordano.
9:24 of 1st period - Brendan Perlini wins face-off versus Colin White in MINNESOTA zone.
9:25 of 1st period - Shot by Gustav Nyquist.
9:25 of 1st period - Stopped by Gilles Senn with a rebound.
9:48 of 1st period - Minor Penalty to Torey Krug for Tripping.
9:49 of 1st period - Johan Larsson wins face-off versus Frans Nielsen in MINNESOTA zone.
10:18 of 1st period - Shot by Milan Lucic.
10:18 of 1st period - Stopped by Gilles Senn without a rebound.
10:19 of 1st period - Johan Larsson wins face-off versus Tyler Bozak in MINNESOTA zone.
10:27 of 1st period - Tyler Bozak is hit by Mark Giordano.
11:56 of 1st period - Off-side.
11:57 of 1st period - John Tavares wins face-off versus Brandon Sutter in neutral zone.
12:15 of 1st period - Shot by Sven Baertschi.
12:15 of 1st period - Goal by Sven Baertschi - CHICAGO : 2 - MINNESOTA : 0.
12:16 of 1st period - Colin White wins face-off versus Mason Appleton in neutral zone.
13:14 of 1st period - Shot by Frans Nielsen.
13:14 of 1st period - Goal by Frans Nielsen - CHICAGO : 3 - MINNESOTA : 0.
13:15 of 1st period - John Tavares wins face-off versus Brandon Sutter in neutral zone.
13:29 of 1st period - Off-side.
13:30 of 1st period - Frans Nielsen wins face-off versus Tomas Hertl in neutral zone.
13:53 of 1st period - Shot by Zach Hyman.
13:53 of 1st period - Stopped by Mike Smith with a rebound.
15:00 of 1st period - Icing by Brett Kulak.
15:01 of 1st period - Tyler Bozak wins face-off versus John Tavares in MINNESOTA zone.
15:01 of 1st period - Minor Penalty to Brett Kulak for Hooking.
15:02 of 1st period - Tyler Bozak wins face-off versus Johan Larsson in MINNESOTA zone.
15:03 of 1st period - Shot by Tyson Barrie.
15:03 of 1st period - Stopped by Gilles Senn with a rebound.
15:05 of 1st period - Shot by Tyler Bozak.
15:05 of 1st period - Shot Blocked by Mark Giordano.
15:07 of 1st period - Shot by Nick Leddy.
15:07 of 1st period - Stopped by Gilles Senn without a rebound.
15:08 of 1st period - Johan Larsson wins face-off versus Gustav Nyquist in MINNESOTA zone.
15:47 of 1st period - Shot by Gustav Nyquist.
15:47 of 1st period - Shot Misses the Net.
16:09 of 1st period - Shot by Brett Murray.
16:09 of 1st period - Shot Misses the Net.
16:11 of 1st period - Shot by Haydn Fleury.
16:11 of 1st period - Stopped by Gilles Senn without a rebound.
16:12 of 1st period - Tomas Hertl wins face-off versus Tyler Bozak in MINNESOTA zone.
16:25 of 1st period - Shot by Gustav Nyquist.
16:25 of 1st period - Stopped by Gilles Senn with a rebound.
16:34 of 1st period - Tyler Bozak is hit by Erik Karlsson and loses puck.
17:23 of 1st period - Icing by Torey Krug.
17:24 of 1st period - John Tavares wins face-off versus Mason Appleton in MINNESOTA zone.
17:24 of 1st period - John Tavares is hit by Brendan Perlini.
19:54 of 1st period - Shot by Tyler Bozak.
19:54 of 1st period - Shot Misses the Net.
Goals for this period are 3 for CHICAGO vs 0 for MINNESOTA.
Shots for this period are 19 for CHICAGO vs 5 for MINNESOTA.

2nd period


0:01 of 2nd period - Tyler Bozak wins face-off versus Tomas Hertl in neutral zone.
0:06 of 2nd period - Shot by Gustav Nyquist.
0:06 of 2nd period - Deflect By Tyler Bozak.
0:06 of 2nd period - Stopped by Gilles Senn without a rebound.
0:07 of 2nd period - Tomas Hertl wins face-off versus Tyler Bozak in MINNESOTA zone.
0:27 of 2nd period - Shot by Tomas Hertl.
0:27 of 2nd period - Stopped by Mike Smith without a rebound.
0:28 of 2nd period - Frans Nielsen wins face-off versus John Tavares in CHICAGO zone.
0:32 of 2nd period - Off-side.
0:33 of 2nd period - John Tavares wins face-off versus Frans Nielsen in neutral zone.
0:48 of 2nd period - Shot by John Tavares.
0:48 of 2nd period - Stopped by Mike Smith without a rebound.
0:49 of 2nd period - Tyler Bozak wins face-off versus Tomas Hertl in CHICAGO zone.
0:53 of 2nd period - Gustav Nyquist is hit by Brett Kulak and loses puck.
0:56 of 2nd period - Shot by Cody Eakin.
0:56 of 2nd period - Stopped by Gilles Senn with a rebound.
1:56 of 2nd period - Shot by Kyle Connor.
1:56 of 2nd period - Shot Misses the Net.
1:58 of 2nd period - Shot by Nikita Kucherov.
1:58 of 2nd period - Shot Blocked by Tyson Barrie.
2:19 of 2nd period - Kyle Connor is hit by Milan Lucic and loses puck.
3:06 of 2nd period - Shot by Oliver Ekman-Larsson.
3:06 of 2nd period - Shot Blocked by Milan Lucic.
3:21 of 2nd period - Icing by Tyson Barrie.
3:22 of 2nd period - Frans Nielsen wins face-off versus Johan Larsson in CHICAGO zone.
3:22 of 2nd period - Frans Nielsen is hit by William Carrier.
3:53 of 2nd period - Gustav Nyquist is hit by Mark Giordano.
4:45 of 2nd period - Shot by Nikita Kucherov.
4:45 of 2nd period - Shot Misses the Net.
4:47 of 2nd period - Shot by Kyle Connor.
4:47 of 2nd period - Stopped by Mike Smith without a rebound.
4:48 of 2nd period - Tomas Hertl wins face-off versus Brandon Sutter in CHICAGO zone.
4:58 of 2nd period - Icing by Niklas Hjalmarsson.
4:59 of 2nd period - Tomas Hertl wins face-off versus Brandon Sutter in MINNESOTA zone.
5:13 of 2nd period - Icing by Niklas Hjalmarsson.
5:14 of 2nd period - Tomas Hertl wins face-off versus Brandon Sutter in MINNESOTA zone.
6:27 of 2nd period - Shot by Kyle Connor.
6:27 of 2nd period - Stopped by Mike Smith with a rebound.
6:33 of 2nd period - Shot by Nikita Kucherov.
6:33 of 2nd period - Shot Misses the Net.
6:35 of 2nd period - Shot by Nikita Kucherov.
6:35 of 2nd period - Shot Misses the Net.
7:13 of 2nd period - Shot by Tanner Pearson.
7:13 of 2nd period - Shot Blocked by Haydn Fleury.
7:55 of 2nd period - Minor Penalty to Erik Haula for Slashing.
7:56 of 2nd period - Brandon Sutter wins face-off versus Zach Hyman in CHICAGO zone.
8:58 of 2nd period - Torey Krug is hit by Gustav Nyquist and loses puck.
9:39 of 2nd period - Shot by Mark Giordano.
9:39 of 2nd period - Stopped by Mike Smith without a rebound.
9:40 of 2nd period - Cody Eakin wins face-off versus John Tavares in CHICAGO zone.
9:49 of 2nd period - Shot by Kyle Connor.
9:49 of 2nd period - Stopped by Mike Smith with a rebound.
10:15 of 2nd period - Shot by Johan Larsson.
10:15 of 2nd period - Shot Blocked by Haydn Fleury.
10:19 of 2nd period - Shot by Matt Calvert.
10:19 of 2nd period - Deflect By Johan Larsson.
10:19 of 2nd period - Shot Misses the Net.
10:31 of 2nd period - Shot by Matt Calvert.
10:31 of 2nd period - Stopped by Mike Smith without a rebound.
10:32 of 2nd period - Dominik Kahun wins face-off versus Mikkel Boedker in CHICAGO zone.
10:38 of 2nd period - Colin White is hit by Nikita Nesterov.
11:05 of 2nd period - Shot by Frans Nielsen.
11:05 of 2nd period - Shot Misses the Net.
11:15 of 2nd period - Brendan Perlini is hit by Tanner Pearson and loses puck.
11:23 of 2nd period - Icing by Travis Dermott.
11:24 of 2nd period - John Tavares wins face-off versus Mason Appleton in CHICAGO zone.
11:25 of 2nd period - Shot by Kyle Connor.
11:25 of 2nd period - Stopped by Mike Smith without a rebound.
11:26 of 2nd period - Tyler Bozak wins face-off versus John Tavares in CHICAGO zone.
11:32 of 2nd period - Icing by Mark Giordano.
11:33 of 2nd period - Nikita Kucherov wins face-off versus Tyler Bozak in MINNESOTA zone.
11:33 of 2nd period - Nikita Kucherov is hit by Cody Eakin.
12:28 of 2nd period - Icing by Nick Leddy.
12:29 of 2nd period - Tomas Hertl wins face-off versus Brandon Sutter in CHICAGO zone.
13:04 of 2nd period - Shot by Brandon Sutter.
13:04 of 2nd period - Shot Blocked by Niklas Hjalmarsson.
13:17 of 2nd period - Icing by Nick Leddy.
13:18 of 2nd period - Brandon Sutter wins face-off versus Colin White in CHICAGO zone.
14:29 of 2nd period - Shot by John Tavares.
14:29 of 2nd period - Stopped by Mike Smith without a rebound.
14:30 of 2nd period - Tyler Bozak wins face-off versus Tomas Hertl in CHICAGO zone.
15:23 of 2nd period - Minor Penalty to Nikita Kucherov for Holding.
15:23 of 2nd period - Minor Penalty to Travis Dermott for Hooking.
15:24 of 2nd period - John Tavares wins face-off versus Brett Murray in CHICAGO zone.
15:24 of 2nd period - Torey Krug is hit by Nick Leddy and loses puck.
16:48 of 2nd period - Shot by Tomas Hertl.
16:48 of 2nd period - Shot Misses the Net.
17:39 of 2nd period - Shot by Sven Baertschi.
17:39 of 2nd period - Shot Blocked by Brett Kulak.
18:04 of 2nd period - Icing by Haydn Fleury.
18:05 of 2nd period - Brandon Sutter wins face-off versus John Tavares in CHICAGO zone.
18:05 of 2nd period - Sven Baertschi is hit by Nikita Kucherov.
18:41 of 2nd period - Minor Penalty to Mark Pysyk for Slashing.
18:42 of 2nd period - Tomas Hertl wins face-off versus Gustav Nyquist in CHICAGO zone.
18:45 of 2nd period - Shot by Nikita Kucherov.
18:45 of 2nd period - Stopped by Mike Smith with a rebound.
18:47 of 2nd period - Shot by Nikita Kucherov.
18:47 of 2nd period - Shot Blocked by Nick Leddy.
18:55 of 2nd period - Shot by Tanner Pearson.
18:55 of 2nd period - Stopped by Mike Smith with a rebound.
18:57 of 2nd period - Shot by Tanner Pearson.
18:57 of 2nd period - Shot Blocked by Tyson Barrie.
18:59 of 2nd period - Shot by Nikita Kucherov.
18:59 of 2nd period - Goal by Nikita Kucherov - CHICAGO : 3 - MINNESOTA : 1.
19:00 of 2nd period - Johan Larsson wins face-off versus Mason Appleton in neutral zone.
19:13 of 2nd period - Minor Penalty to Oliver Ekman-Larsson for Cross-checking.
19:14 of 2nd period - Johan Larsson wins face-off versus Frans Nielsen in MINNESOTA zone.
19:35 of 2nd period - Icing by Frans Nielsen.
19:36 of 2nd period - Frans Nielsen wins face-off versus Johan Larsson in CHICAGO zone.
19:41 of 2nd period - Shot by Travis Dermott.
19:41 of 2nd period - Shot Blocked by Niklas Hjalmarsson.
19:43 of 2nd period - Shot by Mark Pysyk.
19:43 of 2nd period - Stopped by Gilles Senn without a rebound.
19:44 of 2nd period - Tyler Bozak wins face-off versus Johan Larsson in MINNESOTA zone.
Goals for this period are 0 for CHICAGO vs 1 for MINNESOTA.
Shots for this period are 3 for CHICAGO vs 12 for MINNESOTA.

3rd period


0:01 of 3rd period - Matt Calvert wins face-off versus Tyler Bozak in neutral zone.
0:09 of 3rd period - Icing by Nick Leddy.
0:10 of 3rd period - Cody Eakin wins face-off versus Johan Larsson in CHICAGO zone.
0:27 of 3rd period - Shot by Cody Eakin.
0:27 of 3rd period - Stopped by Gilles Senn without a rebound.
0:28 of 3rd period - Frans Nielsen wins face-off versus Matt Calvert in MINNESOTA zone.
0:48 of 3rd period - Icing by Mark Pysyk.
0:49 of 3rd period - Frans Nielsen wins face-off versus Johan Larsson in CHICAGO zone.
0:49 of 3rd period - Frans Nielsen is hit by Johan Larsson.
1:23 of 3rd period - Icing by Nick Leddy.
1:24 of 3rd period - Tyler Bozak wins face-off versus Tomas Hertl in CHICAGO zone.
1:51 of 3rd period - Shot by Mats Zuccarello.
1:51 of 3rd period - Stopped by Mike Smith without a rebound.
1:52 of 3rd period - John Tavares wins face-off versus Brandon Sutter in CHICAGO zone.
2:09 of 3rd period - Brandon Sutter is hit by Nikita Kucherov.
3:05 of 3rd period - Shot by Gustav Nyquist.
3:05 of 3rd period - Stopped by Gilles Senn without a rebound.
3:06 of 3rd period - Colin White wins face-off versus Frans Nielsen in MINNESOTA zone.
3:06 of 3rd period - Colin White is hit by Milan Lucic.
3:17 of 3rd period - Off-side.
3:18 of 3rd period - Tyler Bozak wins face-off versus Johan Larsson in neutral zone.
3:20 of 3rd period - Nick Leddy is hit by Erik Karlsson and loses puck.
3:27 of 3rd period - Shot by Cody Eakin.
3:27 of 3rd period - Stopped by Gilles Senn without a rebound.
3:28 of 3rd period - Tomas Hertl wins face-off versus Frans Nielsen in MINNESOTA zone.
4:04 of 3rd period - Shot by Tomas Hertl.
4:04 of 3rd period - Deflect By Zach Hyman.
4:04 of 3rd period - Shot Misses the Net.
4:17 of 3rd period - Icing by Tyson Barrie.
4:18 of 3rd period - John Tavares wins face-off versus Mikkel Boedker in CHICAGO zone.
4:21 of 3rd period - Shot by Nikita Kucherov.
4:21 of 3rd period - Deflect By Kyle Connor.
4:21 of 3rd period - Stopped by Mike Smith without a rebound.
4:22 of 3rd period - Tyler Bozak wins face-off versus Nikita Kucherov in CHICAGO zone.
4:31 of 3rd period - Shot by Cody Eakin.
4:31 of 3rd period - Deflect By Gustav Nyquist.
4:31 of 3rd period - Stopped by Gilles Senn with a rebound.
4:33 of 3rd period - Shot by Travis Dermott.
4:33 of 3rd period - Goal by Travis Dermott - CHICAGO : 4 - MINNESOTA : 1.
4:34 of 3rd period - Colin White wins face-off versus Brandon Sutter in neutral zone.
5:01 of 3rd period - Shot by Dominik Kahun.
5:01 of 3rd period - Shot Hit the Post.
5:28 of 3rd period - Shot by John Tavares.
5:28 of 3rd period - Stopped by Mike Smith with a rebound.
5:34 of 3rd period - Shot by Nikita Kucherov.
5:34 of 3rd period - Deflect By John Tavares.
5:34 of 3rd period - Stopped by Mike Smith without a rebound.
5:35 of 3rd period - Tyler Bozak wins face-off versus Tomas Hertl in CHICAGO zone.
5:55 of 3rd period - Shot by Tomas Hertl.
5:55 of 3rd period - Stopped by Mike Smith with a rebound.
5:59 of 3rd period - Shot by Zach Hyman.
5:59 of 3rd period - Shot Blocked by Tyler Bozak.
6:01 of 3rd period - Shot by Tomas Hertl.
6:01 of 3rd period - Shot Blocked by Tyson Barrie.
6:03 of 3rd period - Shot by Zach Hyman.
6:03 of 3rd period - Stopped by Mike Smith without a rebound.
6:04 of 3rd period - Frans Nielsen wins face-off versus Nikita Kucherov in CHICAGO zone.
6:13 of 3rd period - Shot by Frans Nielsen.
6:13 of 3rd period - Shot Misses the Net.
6:19 of 3rd period - Shot by Nikita Kucherov.
6:19 of 3rd period - Shot Blocked by Travis Dermott.
6:21 of 3rd period - Shot by Kyle Connor.
6:21 of 3rd period - Shot Blocked by Mark Pysyk.
6:23 of 3rd period - Shot by Nikita Kucherov.
6:23 of 3rd period - Shot Misses the Net.
6:56 of 3rd period - Off-side.
6:57 of 3rd period - Tyler Bozak wins face-off versus Tomas Hertl in neutral zone.
7:30 of 3rd period - Shot by Tomas Hertl.
7:30 of 3rd period - Shot Misses the Net.
7:32 of 3rd period - Shot by Torey Krug.
7:32 of 3rd period - Goal by Torey Krug - CHICAGO : 4 - MINNESOTA : 2.
7:33 of 3rd period - Brandon Sutter wins face-off versus Colin White in neutral zone.
7:54 of 3rd period - Shot by Sven Baertschi.
7:54 of 3rd period - Deflect By Erik Haula.
7:54 of 3rd period - Goal by Erik Haula - CHICAGO : 5 - MINNESOTA : 2.
7:55 of 3rd period - John Tavares wins face-off versus Gustav Nyquist in neutral zone.
8:18 of 3rd period - Minor Penalty to Nikita Kucherov for Interference.
8:19 of 3rd period - Frans Nielsen wins face-off versus Johan Larsson in MINNESOTA zone.
8:22 of 3rd period - Shot by Mark Pysyk.
8:22 of 3rd period - Stopped by Gilles Senn without a rebound.
8:23 of 3rd period - Johan Larsson wins face-off versus Frans Nielsen in MINNESOTA zone.
8:36 of 3rd period - Niklas Hjalmarsson is hit by Milan Lucic and loses puck.
8:53 of 3rd period - Icing by Mark Pysyk.
8:54 of 3rd period - Mikkel Boedker wins face-off versus Johan Larsson in CHICAGO zone.
9:29 of 3rd period - Icing by Tyson Barrie.
9:30 of 3rd period - Tomas Hertl wins face-off versus Tyler Bozak in CHICAGO zone.
9:39 of 3rd period - Shot by Nick Leddy.
9:39 of 3rd period - Stopped by Gilles Senn with a rebound.
9:41 of 3rd period - Shot by Cody Eakin.
9:41 of 3rd period - Stopped by Gilles Senn without a rebound.
9:42 of 3rd period - Tomas Hertl wins face-off versus Tyler Bozak in MINNESOTA zone.
9:59 of 3rd period - Shot by Tyson Barrie.
9:59 of 3rd period - Shot Misses the Net.
10:08 of 3rd period - Icing by Nick Leddy.
10:09 of 3rd period - Johan Larsson wins face-off versus Tyler Bozak in CHICAGO zone.
10:10 of 3rd period - Shot by Matt Calvert.
10:10 of 3rd period - Shot Misses the Net.
10:12 of 3rd period - Shot by Johan Larsson.
10:12 of 3rd period - Goal by Johan Larsson - CHICAGO : 5 - MINNESOTA : 3.
10:13 of 3rd period - Johan Larsson wins face-off versus Frans Nielsen in neutral zone.
11:33 of 3rd period - Frans Nielsen is hit by Nikita Kucherov and loses puck.
11:38 of 3rd period - Shot by Nikita Kucherov.
11:38 of 3rd period - Stopped by Mike Smith with a rebound.
11:40 of 3rd period - Shot by Kyle Connor.
11:40 of 3rd period - Stopped by Mike Smith without a rebound.
11:41 of 3rd period - Colin White wins face-off versus Tyler Bozak in CHICAGO zone.
11:58 of 3rd period - Shot by Dominik Kahun.
11:58 of 3rd period - Stopped by Mike Smith without a rebound.
11:59 of 3rd period - Johan Larsson wins face-off versus Mason Appleton in CHICAGO zone.
11:59 of 3rd period - Johan Larsson is hit by Nick Leddy.
12:03 of 3rd period - Shot by Matt Calvert.
12:03 of 3rd period - Stopped by Mike Smith with a rebound.
12:05 of 3rd period - Shot by Niklas Hjalmarsson.
12:05 of 3rd period - Goal by Niklas Hjalmarsson - CHICAGO : 5 - MINNESOTA : 4.
12:06 of 3rd period - John Tavares wins face-off versus Frans Nielsen in neutral zone.
12:13 of 3rd period - Shot by Nikita Kucherov.
12:13 of 3rd period - Shot Blocked by Tyson Barrie.
12:15 of 3rd period - Shot by Erik Karlsson.
12:15 of 3rd period - Stopped by Mike Smith without a rebound.
12:16 of 3rd period - Tomas Hertl wins face-off versus Tyler Bozak in CHICAGO zone.
14:07 of 3rd period - Shot by Kyle Connor.
14:07 of 3rd period - Shot Blocked by Tyler Lewington.
14:15 of 3rd period - Shot by Sven Baertschi.
14:15 of 3rd period - Goal by Sven Baertschi - CHICAGO : 6 - MINNESOTA : 4.
14:16 of 3rd period - Mason Appleton wins face-off versus Colin White in neutral zone.
15:02 of 3rd period - Icing by Nick Leddy.
15:03 of 3rd period - John Tavares wins face-off versus Mason Appleton in CHICAGO zone.
15:04 of 3rd period - Shot by Nikita Kucherov.
15:04 of 3rd period - Shot Misses the Net.
15:10 of 3rd period - Shot by Nikita Kucherov.
15:10 of 3rd period - Shot Misses the Net.
15:12 of 3rd period - Shot by John Tavares.
15:12 of 3rd period - Deflect By Kyle Connor.
15:12 of 3rd period - Shot Misses the Net.
15:14 of 3rd period - Shot by Torey Krug.
15:14 of 3rd period - Stopped by Mike Smith without a rebound.
15:15 of 3rd period - Frans Nielsen wins face-off versus Johan Larsson in CHICAGO zone.
16:23 of 3rd period - Shot by Kyle Connor.
16:23 of 3rd period - Stopped by Mike Smith without a rebound.
16:24 of 3rd period - Brandon Sutter wins face-off versus Tomas Hertl in CHICAGO zone.
17:14 of 3rd period - Erik Karlsson is hit by Tyler Bozak and loses puck.
17:20 of 3rd period - Mark Giordano is hit by Cody Eakin and loses puck.
17:24 of 3rd period - Mark Giordano is hit by Nick Leddy and loses puck.
17:26 of 3rd period - Minor Penalty to Tyson Barrie for Interference.
17:27 of 3rd period - John Tavares wins face-off versus Gustav Nyquist in CHICAGO zone.
17:28 of 3rd period - Shot by Torey Krug.
17:28 of 3rd period - Stopped by Mike Smith without a rebound.
17:29 of 3rd period - John Tavares wins face-off versus Gustav Nyquist in CHICAGO zone.
17:30 of 3rd period - Shot by Torey Krug.
17:30 of 3rd period - Stopped by Mike Smith without a rebound.
17:31 of 3rd period - Tyler Bozak wins face-off versus John Tavares in CHICAGO zone.
17:48 of 3rd period - Shot by Nikita Kucherov.
17:48 of 3rd period - Shot Misses the Net.
17:50 of 3rd period - Shot by Kyle Connor.
17:50 of 3rd period - Shot Misses the Net.
17:55 of 3rd period - Minor Penalty to Tyler Lewington for Hooking.
17:56 of 3rd period - Tomas Hertl wins face-off versus Gustav Nyquist in CHICAGO zone.
18:01 of 3rd period - Shot by Zach Hyman.
18:01 of 3rd period - Shot Misses the Net.
18:22 of 3rd period - Shot by Mark Giordano.
18:22 of 3rd period - Stopped by Mike Smith without a rebound.
18:23 of 3rd period - Gustav Nyquist wins face-off versus John Tavares in CHICAGO zone.
18:35 of 3rd period - Icing by Kyle Connor.
18:36 of 3rd period - John Tavares wins face-off versus Gustav Nyquist in MINNESOTA zone.
19:01 of 3rd period - Shot by Mats Zuccarello.
19:01 of 3rd period - Stopped by Mike Smith without a rebound.
19:02 of 3rd period - Tomas Hertl wins face-off versus Gustav Nyquist in CHICAGO zone.
19:25 of 3rd period - Tomas Hertl is hit by Travis Dermott.
19:29 of 3rd period - Shot by Mark Giordano.
19:29 of 3rd period - Shot Misses the Net.
19:31 of 3rd period - Shot by Tanner Pearson.
19:31 of 3rd period - Stopped by Mike Smith without a rebound.
19:32 of 3rd period - John Tavares wins face-off versus Gustav Nyquist in CHICAGO zone.
19:37 of 3rd period - Shot by Kyle Connor.
19:37 of 3rd period - Stopped by Mike Smith with a rebound.
19:46 of 3rd period - Torey Krug is hit by Brandon Sutter and loses puck.
Goals for this period are 3 for CHICAGO vs 3 for MINNESOTA.
Shots for this period are 10 for CHICAGO vs 22 for MINNESOTA.